 Dungeon Crawl Stone Soup version bcrawl-1.14 (webtiles) character file.

Game seed: 2112075986000589749

168 MisterOstroum the Poker (level 5, -1/42 HPs)
             Began as a Demonspawn Monk on Sept 7, 2019.
             Slain by a river rat (3 damage)
             ... on level 3 of the Dungeon.
             The game lasted 00:04:19 (2278 turns).

MisterOstroum the Poker (Demonspawn Monk)           Turns: 2278, Time: 00:04:20

Health: -1/42      AC:  7    Str: 12    XL:     5   Next: 24%
Magic:  0/7        EV: 12    Int: 17    God:
Gold:   99         SH:  0    Dex: 15    Spells: 4/4 levels left

rFire    + . .     SeeInvis .   a - +0 spear
rCold    + . .     Gourm    .   (no shield)
rNeg     . . .     Faith    .   i - +0 leather armour
rPois    +         Spirit   +   c - +2 hat
rElec    +         Reflect  .   (no cloak)
rCorr    +         Harm     .   (no gloves)
MR       .....                  (no boots)
Stlth    +++.......             d - amulet of guardian spirit
HPRegen  0.14/turn              (no ring)
MPRegen  0.10/turn              (no ring)

@: brilliant, resistant, flying
A: hooves 1, slimy green scales 1, nightstalker 1
a: no special abilities


You were on level 3 of the Dungeon.
You were not hungry.

You visited 1 branch of the dungeon, and saw 3 of its levels.
You also visited: Sewer.

You collected 99 gold pieces.

Inventory:

Hand Weapons
 a - a +0 spear (weapon)
 f - a +0 whip of pain
Missiles
 l - 556 stones (quivered)
Armour
 b - a +0 robe
 c - a +2 hat (worn)
 i - a +0 leather armour (worn)
Jewellery
 d - an amulet of guardian spirit (around neck)
Potions
 n - a potion of flight
Comestibles
 e - 4 rations {!d}
 g - 2 chunks of flesh


   Skills:
 + Level 3.7 Fighting
 - Level 5.0 Polearms
 - Level 2.6 Dodging
 - Level 2.0 Stealth
   Level 2.6 Invocations


You had 4 spell levels left.
You didn't know any spells.
Your spell library was empty.

Dungeon Overview and Level Annotations

Branches:
Dungeon (3/12)

Altars:


Innate Abilities, Weirdness & Mutations

You have large cloven feet.
You are partially covered in slimy green scales. (AC +2)
You are slightly more attuned to the shadows.


Message History

The river rat is lightly wounded.
The river rat closely misses you.
You closely miss the river rat.
The river rat is lightly wounded.
The river rat bites you.
You closely miss the river rat.
The river rat is lightly wounded.
The river rat bites you.
You are too injured to fight recklessly!
You are too injured to fight recklessly!
You are too injured to fight recklessly!
You are too injured to fight recklessly!
You are too injured to fight recklessly!
It was a potion of resistance.
You feel protected. The river rat bites you.
You are too injured to fight recklessly!
You are too injured to fight recklessly!
You are too injured to fight recklessly!
You are too injured to fight recklessly!
You are too injured to fight recklessly!
You are too injured to fight recklessly!
Your leather armour prevents you from hitting the river rat.
You kick the river rat, but do no damage.
The river rat is lightly wounded.
The river rat bites you.
You hit the river rat but do no damage.
The river rat is lightly wounded.
The river rat barely misses you.
You are too injured to fight recklessly!
You are too injured to fight recklessly!
You barely miss the river rat. Your kick misses the river rat.
The river rat is lightly wounded.
The river rat closely misses you.
You hit the river rat.
You kick the river rat, but do no damage.
The river rat is lightly wounded.
You hit the river rat but do no damage. Your kick misses the river rat.
The river rat is lightly wounded.
The river rat bites you.
You hit the river rat.
The river rat is moderately wounded.
The river rat barely misses you.
You hit the river rat.
The river rat is heavily wounded.
The river rat bites you!
Press: ? - help, v - describe, . - travel, g - get item
Here: a river rat (heavily wounded)
A river rat corpse.
There is something else lying underneath.
The floor, spattered with blood.
You hit the river rat but do no damage.
The river rat is heavily wounded.
The river rat closely misses you.
You closely miss the river rat.
The river rat is heavily wounded.
The river rat bites you.
* * * LOW HITPOINT WARNING * * *
You hit the river rat but do no damage.
You kick the river rat, but do no damage.
The river rat is heavily wounded.
You closely miss the river rat. Your kick misses the river rat.
The river rat is heavily wounded.
The river rat bites you.
* * * LOW HITPOINT WARNING * * *
You barely miss the river rat.
The river rat is heavily wounded.
The river rat bites you but does no damage.
You hit the river rat but do no damage.
The river rat is heavily wounded.
The river rat bites you.
* * * LOW HITPOINT WARNING * * *
As you read the scroll labeled DOISU LUVVIPE, it crumbles to dust.
The creatures around you are filled with an inner flame!
It was a scroll of immolation.
The river rat closely misses you.
As you read the scroll labeled MUOPPOCZO, it crumbles to dust.
It is a scroll of amnesia.
You feel forgetful for a moment. The river rat closely misses you.
The river rat bites you.
* * * LOW HITPOINT WARNING * * *
Welcome back to the Dungeon!
There is a collapsed entrance here.
You hit the river rat.
You kick the river rat, but do no damage.
The river rat is heavily wounded.
The river rat barely misses you.
The river rat bites you but does no damage.
Okay, then.
As you read the scroll of enchant armour, it crumbles to dust.
Your +1 hat glows green for a moment.
The river rat closely misses you.
The river rat bites you but does no damage.
The river rat barely misses you.
The river rat bites you but does no damage.
The river rat bites you.
* * * LOW HITPOINT WARNING * * *
The river rat barely misses you. The river rat barely misses you.
The river rat misses you. The river rat bites you.
You die...

########
#@#≈≈#≈###
#r#≈##≈≈≈#
#≈#≈##≈#÷#
#≈#≈≈#≈#≈#
#≈##≈#≈#≈#
#≈≈≈≈#≈#≈#
####≈#≈#≈#
#.#
#≈≈≈≈≈≈#≈#
#.#
#≈#########
#.#


You could see a river rat (inner flame).

Vanquished Creatures
  6 adders
  4 river rats
  2 worms
  A dart slug (D:1)
  3 leopard geckos
  An orc (D:3)
  A ball python (Sewer)
  8 bats
  2 giant cockroaches (D:1)
  3 goblins (D:2)
  5 hobgoblins
  4 jackals (D:2)
  A quokka (D:2)
  A frilled lizard (D:2)
  12 kobolds
  26 rats
80 creatures vanquished.

Notes
Turn   | Place    | Note
-------+----------+-------------------------------------------
     0 | D:1      | MisterOstroum the Demonspawn Monk began the quest for the
                  | Orb.
     0 | D:1      | Reached XP level 1. HP: 18/18 MP: 2/2
    20 | D:1      | Reached skill level 3 in Polearms
    47 | D:1      | Gained mutation: You are partially covered in slimy green
                  | scales. (AC +2) [demonic ancestry]
    47 | D:1      | Reached XP level 2. HP: 22/24 MP: 2/4
   572 | D:1      | Gained mutation: You are slightly more attuned to the
                  | shadows. [demonic ancestry]
   572 | D:1      | Reached XP level 3. HP: 29/29 MP: 5/5
   870 | D:2      | Reached skill level 4 in Polearms
  1531 | D:2      | Gained mutation: You have large cloven feet. [demonic
                  | ancestry]
  1531 | D:2      | Reached XP level 4. HP: 35/35 MP: 6/6
  2019 | D:3      | Reached skill level 5 in Polearms
  2038 | D:3      | Found a glowing drain.
  2045 | Sewer    | Entered a sewer
  2204 | Sewer    | Reached XP level 5. HP: 41/41 MP: 7/7
  2274 | D:3      | HP: 1/42 [river rat (5)]
  2278 | D:3      | Slain by a river rat

Skill      XL: |  1  2  3  4 |
---------------+-------------+-----
Polearms       | 3 4 5 |  5.0
Fighting       | |  3.7
Dodging        | |  2.6
Stealth        | |  2.0
Invocations    | |  2.6

Action                   |  1- 3 |  4- 6 || total
-------------------------+-------+-------++-------
Melee: Spear             |   176 |   151 ||   327
       Kick              |       |    26 ||    26
Throw: Stone             |    74 |    31 ||   105
  Use: Scroll            |     1 |     3 ||     4
       Potion            |       |     6 ||     6
 Stab: Sleeping          |     6 |       ||     6
  Eat: Chunk             |     2 |     3 ||     5
Armor: Robe              |     1 |       ||     1
       Leather armour    |    19 |    33 ||    52
Dodge: Dodged            |    84 |    70 ||   154
